 Dungeon Crawl Stone Soup version 0.29-a0-563-g64e4043184 (webtiles) character file.

Game seed: 7195730885550746893

15 vulpzor the Charlatan (level 2, -1/23 HPs)
             Began as a Gnoll Wanderer on June 11, 2022.
             Was a Follower of Nemelex Xobeh.
             Succumbed to Terence's poison
             ... on level 2 of the Dungeon.
             The game lasted 00:04:23 (1078 turns).

vulpzor the Charlatan (Gnoll Wanderer)              Turns: 1078, Time: 00:04:24

Health: -1/23      AC:  8    Str: 11    XL:     2   Next: 50%
Magic:  4/7        EV:  8    Int: 11    God:    Nemelex Xobeh [*.....]
Gold:   112        SH:  0    Dex: 11    Spells: 9/10 levels left

rFire   . . .      SeeInvis .   f - +0 mace
rCold   . . .      Faith    .   (no shield)
rNeg    . . .      Spirit   .   b - +1 scale mail
rPois   .          Reflect  .   (no helmet)
rElec   .          Harm     .   (no cloak)
rCorr   .          Rampage  .   (no gloves)
Will    .....                   (no boots)
Stlth   ..........              (no amulet)
HPRegen 0.07/turn               (no ring)
MPRegen 0.10/turn               (no ring)

@: lethally poisoned (-1 -> -27), very slightly contaminated
A: fangs 1, strong nose, distributed training
a: Renounce Religion, Draw Escape, Draw Destruction, Draw Summoning


You were on level 2 of the Dungeon.
You worshipped Nemelex Xobeh.
Nemelex Xobeh was aware of your devotion.
You visited 1 branch of the dungeon, and saw 2 of its levels.

You collected 112 gold pieces.

Inventory:

Hand Weapons
 a - a +0 club
 f - a +0 mace (weapon)
 k - a +0 war axe
Missiles
 h - 43 stones
Armour
 b - a +1 scale mail (worn)
 j - a +0 leather armour
Scrolls
 c - 2 scrolls of fear
Potions
 e - a potion of invisibility {unknown}
 i - a potion of magic
 m - a potion of lignification
 n - a potion of ambrosia
 o - a potion of attraction {unknown}
Miscellaneous
 d - a phantom mirror


   Skills:
 + Level 2.5 Fighting
 + Level 0.4 Short Blades
 + Level 0.4 Long Blades
 + Level 0.4 Axes
 + Level 0.4 Maces & Flails
 + Level 0.4 Polearms
 + Level 0.4 Staves
 + Level 0.4 Slings
 + Level 0.4 Bows
 + Level 0.4 Crossbows
 + Level 0.4 Throwing
 + Level 4.5 Armour
 + Level 0.4 Dodging
 + Level 0.4 Stealth
 + Level 0.4 Shields
 + Level 0.4 Unarmed Combat
 + Level 4.9 Spellcasting
 + Level 0.2 Conjurations
 + Level 0.2 Hexes
 + Level 0.2 Summonings
 + Level 0.2 Necromancy
 + Level 0.2 Translocations
 + Level 0.2 Transmutations
 + Level 0.2 Fire Magic
 + Level 0.2 Ice Magic
 + Level 0.2 Air Magic
 + Level 3.7 Earth Magic
 + Level 0.2 Poison Magic
 + Level 0.5 Invocations
 + Level 6.5 Evocations


You had 9 spell levels left.
You knew the following spells:

 Your Spells              Type           Power      Damage    Failure   Level
a - Sandblast             Erth           20%        2d7       24%         1

Your spell library contained the following spells:

 Spells                   Type           Power      Damage    Failure   Level
 Sting                    Tmut/Pois      12%        1d3       69%         1
 Poisonous Vapours        Pois/Air       6%         N/A       83%         2
 Stone Arrow              Conj/Erth      14%        3d7       83%         3
 Tukima's Dance           Hex            3%         N/A       96%         3
 Olgreb's Toxic Radiance  Pois           3%         N/A       100%        4
 Passage of Golubria      Tloc           3%         N/A       100%        4
 Yara's Violent Unravell  Hex/Tmut       1%         3d3       100%        5


Dungeon Overview and Level Annotations

Branches:
Dungeon (2/15)

Altars:
Nemelex Xobeh

Annotations:
D:2 Terence


Innate Abilities, Weirdness & Mutations

You have very sharp teeth.
Your uncanny sense of smell can sniff out nearby items.
Your experience applies equally to all skills.


Message History

No target in view!
No target in view!
No target in view!
No target in view!
The rat bites you.
You barely miss the rat. The rat barely misses you.
You sock the rat!
You kill the rat!
No target in view!
No target in view!
You now have 112 gold pieces (gained 6).
You open the door.
There is an open door here.
Found a stone staircase leading down.
There is a stone staircase leading down here.
You pick up a Young Poisoner's Handbook and begin reading...
You add the spells Sting, Poisonous Vapours and Olgreb's Toxic Radiance to your library.
Terence the Incautious comes into view.
He is wielding a +1 short sword of venom.
Terence shouts!
The blast of sand hits Terence but does no damage.
Terence barely misses you. Terence hits you but does no damage.
You are poisoned.
The blast of sand hits Terence but does no damage.
You feel very sick.
Terence hits you with a +1 short sword of venom.
You are lethally poisoned!
Terence hits you with a +1 short sword of venom!
You are more poisoned.
You are too injured to fight recklessly!
You are too injured to fight recklessly!
Casting: Sandblast (safe; 24% risk of failure)
Confirm with . or Enter, or press ? or * to list all spells.
Aiming: Sandblast (safe; 24% risk of failure)
Press: ? - help, Shift-Dir - straight line, f/p - Terence
Aim: Terence, wielding a +1 short sword of venom and wearing a +0 chain mail (85% to hit)
You miscast Sandblast.
You are very lightly contaminated with residual magic.
Nothing appears to happen.
You die...
Your body disappears without a glow.

#########.# #.
########.##############.
.................>......
########.#######.#######
#.# #.# #.# ####.#######
#.# #...........
########.# #...........
......@@.# #...........
##..############.#######
∆ ...............
#######.####### #.# #.#
#.####### ∆ #........
#.#######


You could see Terence.

Vanquished Creatures
  2 bats (D:1)
  2 endoplasms (D:1)
  A giant cockroach (D:2)
  2 hobgoblins (D:1)
  A quokka (D:1)
  3 frilled lizards (D:1)
  3 rats
14 creatures vanquished.

Vanquished Creatures (others)
  A plant (D:1)
1 creature vanquished.

Grand Total: 15 creatures vanquished

Notes
Turn   | Place    | Note
-------+----------+-------------------------------------------
     0 | D:1      | vulpzor the Gnoll Wanderer began the quest for the Orb.
     0 | D:1      | vulpzor set off with the following items: a +0 club, a +0
                  | scale mail, a scroll of fear, a phantom mirror; and the
                  | following spell memorised: Sandblast; and the following
                  | spells available to memorise: Stone Arrow
     0 | D:1      | Reached XP level 1. HP: 17/17 MP: 6/6
   217 | D:1      | Reached XP level 2. HP: 19/23 MP: 5/7
   683 | D:1      | Found a faded altar of an unknown god.
   732 | D:1      | Prayed at the altar of an unknown god.
   732 | D:1      | Became a worshipper of Nemelex Xobeh the Trickster
   732 | D:1      | Reached * piety under Nemelex Xobeh
   732 | D:1      | Received a gift from Nemelex Xobeh
  1074 | D:2      | Noticed Terence
  1078 | D:2      | Succumbed to Terence's poison

Illustrated notes

Levels and vault maps discovered:
D:1:      amcnicky_arrival_choice, layout_basic,
          hellmonk_ecumenical_altar_lost_god, serial_forest,
          infiniplex_forest_zigzag_2, infiniplex_forest_lined_4_way,
          infiniplex_forest_straight_4, infiniplex_forest_lined_4_way
D:2:      layout_basic, uniq_terence

Action                   || total
-------------------------++-------
Melee: Club              ||    10
       Mace              ||    34
       Bite              ||     3
 Cast: Sandblast         ||     8
  Use: Scroll            ||     6
Armor: Scale mail        ||    33
Dodge: Dodged            ||    31

Table legend: (Time is in decaauts)
 A = Elapsed time spent in this place.
 B = Non-inter-level travel time spent in this place.
 C = Inter-level travel time spent in this place.
 D = Time resting spent in this place.
 E = Time spent auto-exploring this place.
 F = Levels seen in this place.
 G = Mean time per level.
                   A        B        C        D        E       F      G
               +--------+--------+--------+--------+--------+-----+--------+
         Total |   1103 |   1103 |      0 |      0 |    842 |   2 |  551.5 |
       Dungeon |   1103 |   1103 |      0 |      0 |    842 |   2 |  551.5 |
               +--------+--------+--------+--------+--------+-----+--------+

Top non-repeatable levels by time:
     D:1: 902 daAuts
     D:2: 200 daAuts
